 Dungeon Crawl Stone Soup version 0.28.0-43-g3370ac3207 (webtiles) character file.

Game seed: 9322266711367834943

238 GreyFruit the Distorting Demonspawn (level 5, 0/42 HPs)
             Began as a Demonspawn Abyssal Knight on Mar 7, 2022.
             Was a Believer of Lugonu.
             Succumbed to a kobold brigand's poison
             ... in a sewer.
             The game lasted 00:03:24 (1983 turns).

GreyFruit the Distorting Demonspawn (DsAK)          Turns: 1983, Time: 00:03:25

Health: 0/42       AC:  7    Str: 15    XL:     5   Next: 78%
Magic:  7/8        EV: 11    Int: 11    God:    Lugonu [**....]
Gold:   61         SH:  3    Dex: 14    Spells: 4/4 levels left

rFire   . . .      SeeInvis .   a - +1 spear
rCold   . . .      Faith    .   d - +0 buckler
rNeg    . . .      Spirit   .   b - +0 leather armour
rPois   .          Reflect  .   (no helmet)
rElec   .          Harm     .   (no cloak)
rCorr   .          Rampage  .   c - +0 pair of gloves
Will    .....                   (no boots)
Stlth   +.........              (no amulet)
HPRegen 1.14/turn               g - +4 ring of slaying
MPRegen 0.11/turn               (no ring)

@: lethally poisoned (0 -> 0), on berserk cooldown, slowed, very slow
A: thin metallic scales 2, powered by death 1
a: Renounce Religion, Depart the Abyss, Bend Space


You were in a sewer.
You worshipped Lugonu.
Lugonu was pleased with you.
You visited 1 branch of the dungeon, and saw 3 of its levels.
You visited the Abyss 1 time.
You also visited: Sewer.

You collected 61 gold pieces.

Inventory:

Hand Weapons
 a - a +1 spear (weapon)
Armour
 b - a +0 leather armour (worn)
 c - a +0 pair of gloves (worn)
 d - a +0 buckler (worn)
Jewellery
 g - a +4 ring of slaying (left hand)
Scrolls
 h - a scroll of amnesia
 i - a scroll of identify
 k - 2 scrolls of fog
Potions
 e - a potion of cancellation
 j - a potion of degeneration {unknown}
 l - 2 potions of mutation {unknown}


   Skills:
 + Level 3.9 Fighting
 + Level 2.9 Polearms
 + Level 2.9 Armour
 + Level 2.3 Dodging
 + Level 4.1 Invocations


You had 4 spell levels left.
You didn't know any spells.
Your spell library was empty.

Dungeon Overview and Level Annotations

Branches:
Dungeon (3/15)              Sewer (1/1)

Altars:


Innate Abilities, Weirdness & Mutations

You are mostly covered in thin metallic scales. (AC +3)
You regenerate a little health from kills.


Message History

It was a potion of berserk rage.
A red film seems to cover your vision as you go berserk!
You feel yourself moving faster!
You feel mighty!
You feel sick.
The kobold brigand throws a poisoned dart.
The poisoned dart hits you.
You are more poisoned.
You feel a strong urge to attack something.
You feel sick.
Unknown command.
You puncture the kobold brigand!
The kobold brigand is almost dead.
You feel sick.
You hit the kobold brigand.
You kill the kobold brigand!
Lugonu accepts your kill.
You feel sick.
Your Invocations skill increases to level 4!
You feel sick.
Things that are here:
a +0 club; 7 poisoned darts You closely miss the kobold.
You feel sick.
You puncture the kobold!
You kill the kobold!
Lugonu accepts your kill.
You feel sick.
The kobold brigand hits you with a +0 whip.
* * * LOW HITPOINT WARNING * * *
Things that are here:
a +0 whip; 5 stones; a kobold corpse You closely miss the kobold brigand.
You are no longer berserk.
You are exhausted.
You feel yourself slow down.
You feel sick. The kobold brigand barely misses you.
You barely miss the kobold brigand.
You feel sick.
The kobold brigand hits you with a +0 whip.
* * * LOW HITPOINT WARNING * * *
You hit the kobold brigand.
The kobold brigand is lightly wounded.
You die...

#### ### ####..####.###
##............#####
##.............)@..###
#P..............K....#
.....................## ####
........†.............#....#
...≈.≈.......≈≈P...≈≈.'....#
..≈≈≈P≈...≈≈≈≈≈≈....≈≈'..∩.#
.P≈≈P≈≈≈..P≈≈≈≈P≈PP≈≈≈#.!..#
###≈#≈#######≈##############
≈≈≈≈≈≈ ≈≈≈≈


You could see a kobold brigand.

Vanquished Creatures
  A kobold brigand (Sewer)
  Natasha (thrice) (D:2)
  3 adders
  2 worms (D:2)
  2 dart slugs (D:1)
  5 ball pythons
  5 endoplasms
  3 giant cockroaches
  2 goblins (D:2)
  5 hobgoblins
  4 quokkas
  5 bats
  4 frilled lizards
  10 kobolds
  7 rats
61 creatures vanquished.

Notes
Turn   | Place    | Note
-------+----------+-------------------------------------------
     0 | Abyss:1  | GreyFruit the Demonspawn Abyssal Knight began the quest for
                  | the Orb.
     0 | Abyss:1  | Reached XP level 1. HP: 18/18 MP: 2/2
    18 | D:1      | Escaped the Abyss
   122 | D:1      | Reached skill level 1 in Dodging
   327 | D:1      | Gained mutation: You are partially covered in thin metallic
                  | scales. (AC +2) [demonic ancestry]
   327 | D:1      | Reached XP level 2. HP: 24/24 MP: 4/4
   799 | D:2      | Noticed Natasha
   802 | D:2      | Reached ** piety under Lugonu
   806 | D:2      | Gained mutation: You regenerate a little health from kills.
                  | [demonic ancestry]
   806 | D:2      | Reached XP level 3. HP: 28/29 MP: 5/5
   811 | D:2      | Killed Natasha
   812 | D:2      | Reached skill level 3 in Invocations
   853 | D:2      | Noticed Natasha
   861 | D:2      | Killed Natasha
   862 | D:2      | Gained mutation: You are mostly covered in thin metallic
                  | scales. (AC +3) [demonic ancestry]
   862 | D:2      | Reached XP level 4. HP: 23/35 MP: 6/6
   895 | D:2      | Noticed Natasha
   905 | D:2      | Killed Natasha
  1206 | D:2      | Found a faded altar of an unknown god.
  1368 | D:2      | Reached XP level 5. HP: 38/42 MP: 7/7
  1840 | D:3      | Found a glowing drain.
  1858 | Sewer    | Entered a sewer
  1977 | Sewer    | Reached skill level 4 in Invocations
  1982 | Sewer    | HP: 1/42 [kobold brigand/+0 whip (6)]
  1983 | Sewer    | Succumbed to a kobold brigand's poison

Illustrated notes

Levels and vault maps discovered:
D:1:      grunt_arrival_lava_bath, layout_basic
D:2:      layout_basic, basic_ecumenical_altar, minmay_3d_cube, uniq_natasha
D:3:      layout_loops_ring, cheibrodos_sewer_entry_sluice, serial_shops, shop
Sewer:    kennysheep_pipe_town

Skill      XL: |  1  2  3  4  5 |
---------------+----------------+-----
Dodging        | 1 2 |  2.3
Polearms       | 2 |  2.9
Armour         | 2 |  2.9
Invocations    | 3 4 |  4.1
Fighting       | |  3.9

Action                   |  1- 3 |  4- 6 || total
-------------------------+-------+-------++-------
Melee: Spear             |    73 |   105 ||   178
  Use: Scroll            |       |     3 ||     3
       Potion            |       |     2 ||     2
 Stab: Sleeping          |       |     1 ||     1
Armor: Leather armour    |    13 |    26 ||    39
Dodge: Dodged            |    19 |    33 ||    52
Block: Buckler           |     5 |     9 ||    14
